[Event "FIDE WCCC U12 2018"]
[Site "Santiago de Compostela"]
[Date "2018.11.08"]
[Round "4"]
[White "Kostolansky, Sebastian Lukas"]
[Black "Klimkowski, Jan"]
[Result "1-0"]
[ECO "B50"]
[WhiteElo "2323"]
[BlackElo "1810"]
[Annotator "NA"]
[PlyCount "75"]
[EventDate "2018.11.04"]
[EventType "swiss"]
[EventCountry "ESP"]
[SourceTitle "playchess.com"]
[Source "ChessBase"]
[SourceQuality "1"]
[TimeControl "40/5400+30:1800+30"]

1. e4 c5 2. Nf3 d6 3. c3 Nf6 4. h3 Qc7 {[%emt 0:00:21] B50: Sizilianisch (Verschiedenes mit 2...d6)} 5. Bd3 b6 6. O-O Bb7 7. Re1 Nbd7 8. Bc2 Rc8 9. d3 {[%emt 0:15:49] LiveBook: 35 Games} e6 $146 ({Vorgänger:} 9... g6 10. a4 Bg7 11. Na3 O-O 12. Bg5 e5 13. Qd2 d5 {0-1 (35) Bauer,C (2623)-Korobov,A (2700) Berlin 2015}) 10. a4 Be7 11. Na3 a6 12. Bf4 O-O 13. Qe2 e5 14. Bh2 g6 15. Nc4 Nh5 16. Nfd2 f5 {[#]} (16... Bg5 $11 {remains equal.}) 17. exf5 $1 Rxf5 18. d4 Nf4 19. Bxf4 Rxf4 20. dxe5 Qc6 21. f3 ({White should play} 21. Be4 d5 22. Bf3) 21... d5 22. e6 Nf8 23. Ne5 Qxe6 (23... Qc7 $14) 24. g3 Rf6 $16 25. Ng4 Qxe2 26. Nxf6+ Bxf6 27. Rxe2 d4 28. Be4 Bxe4 29. Nxe4 Bg7 30. c4 Rd8 31. a5 d3 32. Rd2 b5 33. Kf1 Ne6 34. Rc1 Bf8 35. Rc3 bxc4 36. Rxc4 Bg7 37. Nxc5 Rc8 38. b4 1-0

[Event "FIDE WCCC U12 2018"]
[Site "Santiago de Compostela"]
[Date "2018.11.08"]
[Round "4"]
[White "Shen, Shiyan"]
[Black "Paternoster, Janez"]
[Result "1-0"]
[ECO "C88"]
[WhiteElo "2187"]
[BlackElo "1872"]
[Annotator "ChessBase"]
[PlyCount "45"]
[EventDate "2018.11.04"]
[EventType "swiss"]
[EventCountry "ESP"]
[SourceTitle "playchess.com"]
[Source "ChessBase"]
[SourceQuality "1"]
[TimeControl "40/5400+30:1800+30"]

1. e4 e5 2. Nf3 Nc6 3. Bb5 a6 4. Ba4 Nf6 5. O-O Be7 6. Re1 b5 7. Bb3 d6 8. c3 Na5 9. Bc2 c5 10. d3 O-O 11. Nbd2 Bd7 12. Nf1 Nc6 13. Ne3 b4 14. h3 a5 15. d4 Qc7 16. Nd5 Nxd5 17. exd5 Na7 18. dxe5 dxe5 19. Nxe5 Bf6 20. Bf4 Rfe8 21. Bxh7+ Kxh7 22. Qh5+ Kg8 23. Qxf7+ 1-0

[Event "FIDE WCCC U12 2018"]
[Site "Santiago de Compostela"]
[Date "2018.11.08"]
[Round "4"]
[White "Nguyen, Quoc Hy"]
[Black "Macias Pino, Diego"]
[Result "1-0"]
[ECO "A45"]
[WhiteElo "2117"]
[BlackElo "1947"]
[Annotator "ChessBase"]
[PlyCount "33"]
[EventDate "2018.11.04"]
[EventType "swiss"]
[EventCountry "ESP"]
[SourceTitle "playchess.com"]
[Source "ChessBase"]
[SourceQuality "1"]
[TimeControl "40/5400+30:1800+30"]

1. d4 Nf6 2. Bg5 d5 3. Nd2 c5 4. dxc5 e6 5. e4 Bxc5 6. e5 Qb6 7. exf6 Bxf2+ 8. Ke2 Bxg1 9. Rxg1 Qxg1 10. fxg7 Rg8 11. Ne4 Rxg7 12. Nf6+ Kf8 13. Be3 Rxg2+ 14. Kf3 Qxh2 15. Bxg2 b6 16. Bf4 Qh4 17. Qd4 1-0

[Event "FIDE WCCC U12 2018"]
[Site "Santiago de Compostela"]
[Date "2018.11.08"]
[Round "4"]
[White "Bui, Bao Anh Le"]
[Black "Palczert, Matyas"]
[Result "1/2-1/2"]
[ECO "B40"]
[WhiteElo "2101"]
[BlackElo "1866"]
[Annotator "NA"]
[PlyCount "54"]
[EventDate "2018.11.04"]
[EventType "swiss"]
[EventCountry "ESP"]
[SourceTitle "playchess.com"]
[Source "ChessBase"]
[SourceQuality "1"]
[TimeControl "40/5400+30:1800+30"]

1. e4 c5 2. Nf3 e6 3. c4 Nc6 4. Nc3 Nd4 5. Bd3 g6 6. Nxd4 cxd4 7. Ne2 e5 8. Bc2 Nf6 9. O-O Bg7 10. f4 d6 11. Ba4+ Bd7 12. d3 O-O 13. f5 Bc6 14. Ng3 Qd7 15. Bc2 a6 16. b3 b5 17. Nh1 Kh8 18. Qe1 Rg8 (18... Ng8 $11 {keeps the balance.}) 19. Bg5 (19. Qh4 $16) 19... h6 20. Qh4 Nh7 21. Bxh6 Bxh6 22. Qxh6 gxf5 23. Rf3 Rg6 24. Qh5 Rag8 25. Rg3 f4 26. Rxg6 $17 fxg6 27. Qh6 bxc4 1/2-1/2

[Event "FIDE WCCC U12 2018"]
[Site "Santiago de Compostela"]
[Date "2018.11.08"]
[Round "4"]
[White "Razafindratsima, Timothe"]
[Black "Ermachenko, Manuel"]
[Result "1-0"]
[ECO "B41"]
[WhiteElo "2092"]
[BlackElo "1862"]
[Annotator "NA"]
[PlyCount "73"]
[EventDate "2018.11.04"]
[EventType "swiss"]
[EventCountry "ESP"]
[SourceTitle "playchess.com"]
[Source "ChessBase"]
[SourceQuality "1"]
[TimeControl "40/5400+30:1800+30"]

1. e4 c5 2. Nf3 e6 3. d4 cxd4 4. Nxd4 a6 5. c4 Qc7 6. Nc3 b6 7. Be2 Bb7 8. O-O Nf6 {A34: Englische Eröffnung (Symmetrische Variante)} 9. Qd3 (9. f3 Be7 10. Be3 d6 11. b4 O-O 12. Qd2 Nbd7 13. Rfc1 Rac8 14. a4 Rfe8 15. a5 bxa5 16. Rxa5 {0-1 (32) Savchenko,B (2562)-Sjugirov,S (2654) Sochi 2018}) 9... Be7 10. f4 d6 11. a3 O-O 12. g4 $146 ({Vorgänger:} 12. b4 Nbd7 13. Bb2 Rac8 14. g4 g6 15. g5 Ne8 {1-0 (60) Kyshtymov,D (2032)-Murtazin,R (2308) Voronezh 2018}) 12... d5 (12... Nc6 $11 {keeps the balance.}) 13. cxd5 exd5 14. exd5 (14. e5 $16 Ne4 15. Be3) 14... Nxd5 15. Nxd5 Bxd5 16. Be3 Rd8 17. Rac1 Qb7 18. Qc3 Re8 19. Bf2 Nd7 20. Qh3 Nf6 21. Bd3 Ne4 22. Rfe1 Rad8 23. b4 h6 24. Be3 Bf6 25. Bf1 Nd2 26. Kf2 Re4 $2 (26... Nxf1 27. Rxf1 Bxd4 28. Bxd4 Bg2 29. Qxg2 {[#]} Re2+ $1 30. Kxe2 Qxg2+ 31. Ke3 Re8+ 32. Kd3 Qh3+ 33. Kc4 Rc8+ 34. Kd5 Qg2+ 35. Kd6 Rd8+ 36. Kc7 Qd5 37. a4 Qd7+ 38. Kxb6 Qxd4+ 39. Ka5 Rb8 40. Rc8+ Rxc8 41. Rc1 Rxc1 42. b5 Rc4 43. Kxa6 Rc7 44. h4 Qa7#) 27. Nf5 Nb3 28. Rc2 Qb8 (28... Nd4 $19 29. Nxd4 Bxd4 30. Bxd4 Rxf4+ 31. Kg1 Rxd4) 29. Qg3 Re6 (29... Be6 $142 30. Rc6 Bxf5 31. Rxf6 Be6 32. Rxe6 Rxe6) 30. Bd3 b5 31. h4 Rde8 {[#]} 32. g5 $1 hxg5 33. hxg5 Bd4 (33... Bd8 $16) 34. Nxd4 Nxd4 {[#]} 35. Qh4 $1 g6 36. Bxd4 f6 37. Rxe6 1-0

[Event "FIDE WCCC U12 2018"]
[Site "Santiago de Compostela"]
[Date "2018.11.08"]
[Round "4"]
[White "Pavesi, Brando"]
[Black "Sahinoz, Giulio O"]
[Result "1-0"]
[ECO "A45"]
[WhiteElo "2073"]
[BlackElo "1847"]
[Annotator "NA"]
[PlyCount "87"]
[EventDate "2018.11.04"]
[EventType "swiss"]
[EventCountry "ESP"]
[SourceTitle "playchess.com"]
[Source "ChessBase"]
[SourceQuality "1"]
[TimeControl "40/5400+30:1800+30"]

1. d4 Nf6 2. Bf4 e6 3. e3 c5 4. Nd2 d5 5. c3 Nc6 6. Ngf3 Be7 7. Bd3 {[%emt 0:13:16] LiveBook: 160 Games} O-O 8. Ne5 Bd7 9. h4 {[%emt 0:12:38] D02: 1 d4 d5 2 Nf3 sidelines, including 2...Nf6 3 g3 and 2...Nf6 3 Bf4} c4 (9... Be8 10. g4 cxd4 11. exd4 Rc8 12. Nef3 Bd6 13. Be5 Bxe5 14. dxe5 Nxg4 15. Bxh7+ Kh8 16. Rg1 {½-½ (50) Motylev,A (2680)-Wen,Y (2581) China 2014}) 10. Bc2 b5 11. g4 b4 $2 (11... Nxe5 $16 {was necessary.} 12. dxe5 Ne8) 12. g5 bxc3 $146 ({Predecessor:} 12... Ne8 13. Qh5 f5 14. g6 Nf6 15. gxh7+ Nxh7 16. Rg1 Be8 {1-0 (34) Pospisil,M (1908)-Meduna,E (2422) Kouty nad Desnou 2010}) 13. bxc3 Ne8 14. Bxh7+ Kxh7 15. Nxf7 Rxf7 16. Qh5+ Kg8 17. g6 Nf6 18. gxf7+ Kf8 19. Qg6 Ba3 20. Rg1 Ke7 21. Qxg7 Qf8 22. Be5 Qxg7 23. Rxg7 Rf8 24. Rb1 Bc8 25. Bf4 (25. Ke2 $16) 25... Rxf7 26. Rg6 Kf8 27. Bh6+ Ke8 28. Bg5 Be7 29. f3 e5 30. Rb5 Ba6 31. Rb1 Bc8 32. Rb5 Ba6 33. Rb2 exd4 ({Black should play} 33... Kd7 $14) 34. exd4 Bc8 {[%emt 0:00:14] [#]} 35. Nf1 $1 Bd8 (35... Nd8 {keeps fighting.} 36. Ne3 Be6) 36. Re2+ Kd7 37. Ne3 Kd6 $2 (37... a6 {was worth a try.} 38. Rh2 Bc7) 38. Bf4+ (38. h5 $142) 38... Kd7 39. Nf5 $2 (39. Ng4 $18) 39... Ba5 (39... Ne8 $11 {remains equal.} 40. Rxc6 Rxf5) 40. Nd6 (40. Kd2 $16) 40... Bxc3+ 41. Kd1 $1 Rf8 $2 (41... Nh5 $11 42. Bd2 Rxf3) 42. Rg7+ Kd8 43. Nf7+ Rxf7 44. Rxf7 $18 1-0

[Event "FIDE WCCC U12 2018"]
[Site "Santiago de Compostela"]
[Date "2018.11.08"]
[Round "4"]
[White "Samadov, Read"]
[Black "Yu, Jason"]
[Result "1-0"]
[ECO "D87"]
[WhiteElo "2029"]
[BlackElo "2097"]
[Annotator "NA RC"]
[PlyCount "59"]
[EventDate "2018.11.04"]
[EventType "swiss"]
[EventCountry "ESP"]
[SourceTitle "playchess.com"]
[Source "ChessBase"]
[SourceQuality "1"]
[TimeControl "40/5400+30:1800+30"]

1. d4 Nf6 2. c4 g6 3. Nc3 d5 4. cxd5 Nxd5 5. e4 Nxc3 6. bxc3 Bg7 7. Bc4 O-O 8. Ne2 c5 9. Be3 Nc6 10. O-O Na5 11. Bd3 b6 12. Qd2 e5 {[%emt 0:01:01] LiveBook: 92 Games D87: Grünfeldindisch (Abtauschvariante, Botwinnik-Variante)} 13. Bh6 (13. Bg5 Qd7 14. Rad1 exd4 15. cxd4 cxd4 16. Bh6 Qd6 17. Ng3 f6 18. Bxg7 Kxg7 19. f4 Qe7 20. f5 Nc6 21. Bb5 Ne5 22. Qxd4 {½-½ (22) Vachier Lagrave,M (2757)-Mchedlishvili,M (2609) Germany 2014}) 13... cxd4 14. Bxg7 Kxg7 15. cxd4 exd4 16. Qb2 Qf6 17. f4 ({Aber nicht} 17. Qxd4 $2 Qxd4 18. Nxd4 Rd8 $19) 17... Rd8 18. Rf2 $146 ({Vorgänger:} 18. e5 Qe7 19. Be4 Rb8 20. Nxd4 Qc5 21. Rfd1 Bg4 22. Rd3 Nc4 {1-0 (64) Galvan Huaraca,J (2221)-Perez Garcia,R (2162) Benidorm 2008}) 18... Bg4 19. e5 Qc6 20. h3 Bxe2 21. Qxe2 Rac8 22. f5 Rc7 $2 (22... Nc4) 23. e6 Re8 24. Bb5 Qc3 25. f6+ Kh8 26. Bxe8 Qxa1+ 27. Rf1 Qc3 28. exf7 Qc5 29. Qe7 Rxe7 30. f8=Q# 1-0

[Event "FIDE WCCC U12 2018"]
[Site "Santiago de Compostela"]
[Date "2018.11.08"]
[Round "4"]
[White "Hu, Merric"]
[Black "Clasby, Derek"]
[Result "1/2-1/2"]
[ECO "C50"]
[WhiteElo "1849"]
[BlackElo "2087"]
[Annotator "NA RC"]
[PlyCount "101"]
[EventDate "2018.11.04"]
[EventType "swiss"]
[EventCountry "ESP"]
[SourceTitle "playchess.com"]
[Source "ChessBase"]
[SourceQuality "1"]
[TimeControl "40/5400+30:1800+30"]

1. e4 e5 2. Nf3 Nc6 3. Bc4 Bc5 4. O-O Nf6 5. d3 d6 6. c3 O-O 7. a4 a6 8. Na3 {[%emt 0:02:13] C54: Giuoco Piano: 4 c3 Nf6, main lines with 5 d4 and 5 d3} (8. Re1 h6 9. h3 Re8 10. Nbd2 Be6 11. b4 Bxc4 12. Nxc4 Ba7 13. Qc2 d5 14. Ne3 Bxe3 15. Bxe3 Qd7 {1-0 (44) Vachier Lagrave,M (2789)-Kramnik,V (2792) Paris 2018}) 8... Ne7 9. Nc2 {[%emt 0:01:20] LiveBook: 4 Partien} Ng6 10. Bg5 $146 ({Predecessor:} 10. d4 Ba7 11. dxe5 dxe5 12. Qxd8 Rxd8 13. Re1 h6 14. h3 Bd7 15. Nb4 b5 {½-½ (27) Rios,C (2479)-Cuartas,J (2468) Antioquia 2016}) 10... h6 11. Be3 Bxe3 12. Nxe3 Nh7 13. d4 Ng5 14. Nxg5 Qxg5 15. Qf3 Be6 16. Qg3 Qf6 17. Bxe6 Qxe6 18. d5 Qf6 19. Qg4 Qf4 20. Qf5 Nh4 21. g3 Nxf5 22. gxf4 Nxe3 23. fxe3 exf4 24. exf4 Rae8 25. Rae1 Re7 26. Re2 Rfe8 27. Rfe1 Kf8 28. Kf2 g5 29. Kf3 gxf4 30. Kxf4 Re5 31. Re3 Ke7 32. Rg1 Kf6 33. Rg4 h5 34. Rg2 b5 35. a5 Rb8 (35... Ke7 $11 {bleibt in der Remisbreite.}) 36. b4 Rbe8 37. Rgg3 (37. Rg1 $14) 37... Rh8 (37... c6 $11 {remains equal.}) 38. h4 (38. Ref3 $16) 38... Rhe8 39. Rgf3 c6 ({Black should play} 39... Kg7 $11) 40. dxc6 Rc8 41. Rd3 Rxc6 42. Rd4 Ke6 43. Re3 f6 44. Rg3 Kf7 45. Rgd3 Ke7 46. Rg3 Kf7 47. Rgd3 Ke6 48. Rd5 Ke7 $1 49. R5d4 Ke6 50. Rd5 $11 Ke7 51. Rxe5+ 1/2-1/2

[Event "FIDE WCCC U12 2018"]
[Site "Santiago de Compostela"]
[Date "2018.11.08"]
[Round "4"]
[White "Ohanyan, Emin"]
[Black "Lazavik, Denis"]
[Result "1/2-1/2"]
[ECO "C47"]
[WhiteElo "1742"]
[BlackElo "2235"]
[Annotator "NA"]
[PlyCount "61"]
[EventDate "2018.11.04"]
[EventType "swiss"]
[EventCountry "ESP"]
[SourceTitle "playchess.com"]
[Source "ChessBase"]
[SourceQuality "1"]
[TimeControl "40/5400+30:1800+30"]

1. e4 e5 2. Nf3 Nc6 3. Nc3 Nf6 4. d4 exd4 5. Nd5 Be7 6. Nxd4 Nxd5 {[%emt 0:07:43] LiveBook: 17 Games} 7. exd5 Nxd4 8. Qxd4 O-O 9. Be2 d6 10. O-O Bf5 11. Bd3 Bf6 12. Qc4 Bxd3 13. Qxd3 Qd7 14. Bd2 Rfe8 15. Rfe1 a6 16. Bc3 Bxc3 17. Qxc3 Rxe1+ 18. Rxe1 Re8 19. h3 Rxe1+ 20. Qxe1 h6 21. Qe4 a5 22. Kh2 Qd8 23. c3 b6 24. f4 h5 25. g3 g6 26. Kg2 Qd7 27. a4 Kg7 28. b3 Kg8 29. c4 Kg7 30. Qd4+ Kg8 31. Qe4 $11 1/2-1/2